 Dungeon Crawl Stone Soup version 0.20.1-1-g8b1a95d (webtiles) character file.

130 Andry07 the Skirmisher (level 5, -4/36 HPs)
             Began as a Gargoyle Fighter on Oct 4, 2017.
             Slain by a goblin
             ... wielding a +4 dagger
             ... led by Robin
              (5 damage)
             ... on level 3 of the Dungeon.
             The game lasted 00:02:54 (1742 turns).

Andry07 the Skirmisher (Gargoyle Fighter)           Turns: 1742, Time: 00:02:56

Health: -4/36      AC:  9    Str: 20    XL:     5   Next: 14%
Magic:  5/5        EV:  8    Int:  9    God:
Gold:   111        SH:  9    Dex:  9    Spells: 4/4 levels left

rFire    . . .     SeeInvis .   a - +0 flail
rCold    . . .     Gourm    .   c - +0 shield
rNeg     + . .     Faith    .   k - +0 ring mail (curse)
rPois    ∞         Spirit   .   (no helmet)
rElec    +         Reflect  .   (no cloak)
rCorr    .         Harm     .   (no gloves)
MR       .....                  (no boots)
Stlth    ..........             (no amulet)
Regen    0.2/turn               (no ring)
MPRegen  0.1/turn               (no ring)

@: no status effects
A: negative energy resistance 1, electricity resistance, unbreathing,
petrification resistance, rot immunity, AC +4
a: no special abilities


You were on level 3 of the Dungeon.
You were not hungry.

You visited 1 branch of the dungeon, and saw 3 of its levels.

You collected 111 gold pieces.

Inventory:

Hand Weapons
 a - a +0 flail (weapon)
Armour
 b - a +0 scale mail
 c - a +0 shield (worn)
 k - a cursed +0 ring mail (worn)
Jewellery
 n - an uncursed ring of protection from fire {unknown}
Scrolls
 e - 2 scrolls of enchant weapon {unknown}
 i - a scroll of enchant armour {unknown}
 o - a scroll of remove curse {unknown}
 p - a scroll of magic mapping {unknown}
 q - a scroll of teleportation {unknown}
 r - a scroll of recharging {unknown}
Potions
 d - a potion of might
 h - a potion of lignification {unknown}
 j - a potion of ambrosia {unknown}
 l - a potion of berserk rage {unknown}
 m - a potion of curing {unknown}
Comestibles
 f - 2 bread rations
 g - 2 royal jellies


   Skills:
 + Level 6.2 Fighting
 - Level 2.0 Maces & Flails
 - Level 3.2 Armour
 - Level 3.2 Shields


You had 4 spell levels left.
You didn't know any spells.

Dungeon Overview and Level Annotations

Branches:
Dungeon (3/15)

Altars:
Nemelex Xobeh


Innate Abilities, Weirdness & Mutations

You are resistant to torment.
Your stone body is resilient. (AC +4)
You are immune to poison.
You resist negative energy. (rN+)
You are resistant to electric shocks. (rElec)
You can survive without breathing.
You are immune to petrification.
You are immune to rotting.


Message History

The goblin hits you but does no damage.
The goblin hits the bush but does no damage.
The goblin hits you but does no damage. You block the hobgoblin's attack.
The goblin hits you with a dagger.
* * * LOW HITPOINT WARNING * * *
You block the goblin's attack.
The goblin hits the bush but does no damage.
You hit the goblin but do no damage. The goblin hits you but does no damage.
You block the hobgoblin's attack. The goblin hits you but does no damage.
The goblin hits you.
* * * LOW HITPOINT WARNING * * *
The goblin hits the bush but does no damage.
The goblin closely misses you.
You hit the goblin.
The goblin is almost dead.
The hobgoblin hits you but does no damage.
You block the goblin's attack. The goblin barely misses you.
The goblin hits the bush but does no damage.
The goblin hits you with an uncursed enchanted dagger.
You die... ..## ..♣ ...######## #..♣ .# P.........# #PPP

P.## ♣.#######.###..P♣
...
P.#######.#P...P♣♣..###
P.......#..P.♣♣♣P♣.....
.#####......P♣PP†P.# #
###....#[.)ggg# #
#........####@#
####.......## #gg..#
.........).# #.....#
###.#.....## .........
..........# #.....###
.##......... .....##
.####.#.##### ##..## ..
....# ..# .# #


You could see a hobgoblin and 4 goblins.

Vanquished Creatures
  Jessica (D:3)
  Robin (D:3)
  3 adders (D:2)
  An ooze (D:2)
  A dart slug (D:1)
  2 leopard geckos (D:2)
  3 orcs
  4 giant cockroaches
  9 goblins
  5 hobgoblins
  5 kobolds
  2 quokkas (D:2)
  7 bats
  3 frilled lizards
  6 rats
53 creatures vanquished.

Notes
Turn   | Place    | Note
-------+----------+-------------------------------------------
     0 | D:1      | Andry07 the Gargoyle Fighter began the quest for the Orb.
     0 | D:1      | Reached XP level 1. HP: 14/14 MP: 1/1
   204 | D:1      | Reached XP level 2. HP: 17/20 MP: 2/2
   211 | D:1      | Reached skill level 4 in Fighting
   718 | D:2      | Reached XP level 3. HP: 7/24 MP: 3/3
  1051 | D:2      | Reached skill level 5 in Fighting
  1236 | D:2      | Found a sparkling altar of Nemelex Xobeh.
  1281 | D:2      | Reached XP level 4. HP: 30/31 MP: 4/4
  1399 | D:3      | Noticed Jessica
  1409 | D:3      | Killed Jessica
  1471 | D:3      | Found a faded altar of an unknown god.
  1700 | D:3      | Reached skill level 6 in Fighting
  1703 | D:3      | Noticed Robin
  1720 | D:3      | Reached XP level 5. HP: 24/36 MP: 5/5
  1740 | D:3      | Killed Robin
  1741 | D:3      | HP: 1/36 [goblin[Robin] (1)]
  1742 | D:3      | Slain by a goblin

Skill      XL: |  1  2  3  4 |
---------------+-------------+-----
Fighting       | 4 5 6 |  6.2
Maces & Flails | |  2.0
Armour         | |  3.2
Shields        | |  3.2

Action                   |  1- 3 |  4- 6 || total
-------------------------+-------+-------++-------
Melee: Flail             |   203 |    70 ||   273
  Eat: Chunk             |     1 |     2 ||     3
Armor: Scale mail        |    32 |       ||    32
       Ring mail         |   150 |    83 ||   233
Dodge: Dodged            |    99 |    43 ||   142
Block: Shield            |   150 |    74 ||   224
